General information
- name: BNet
- type: Ladder team game (AT/RT)
- host: Battle.net
- saver: Shadow303
map: DragonFalls
- players: 8
- length: 40:30
- speed: Fast
- version: 1.26 W3XP
- replay type: Public
» download(275 KB)
Players
team 1 (loser)
rdpffa (
yellow | 66 APM | 2386 actions | 36:00)
6 Blademaster
2 Wind Walk
3 Critical Strike
1 Bladestorm
4 Shadow Hunter
2 Healing Wave
2 Hex
» actions
| Assign group hotkey | 51 | |
| Basic commands | 20 | |
| Build / train | 75 | |
| Enter build submenu | 21 | |
| Enter hero's abilities submenu | 10 | |
| Give item / drop item | 3 | |
| Remove unit from queue | 5 | |
| Right click | 1159 | |
| Select / deselect | 326 | |
| Select group hotkey | 576 | |
| Use ability | 140 | |
2386 total
» units
| Peon | 6 | |
| Grunt | 15 | |
| Tauren | 7 | |
| Acolyte | 1 | |
| Frost Wyrm | 4 | |
33 total
» upgrades
| Melee Weapons | 2 | |
| Armor | 1 | |
| Berserker Strength | 1 | |
| Pillage | 1 | |
| Reinforced Defenses | 1 | |
6 total
» buildings
| Orc Burrow | 7 | |
| Altar of Storms | 1 | |
| Voodoo Lounge | 1 | |
| Barracks | 1 | |
| War Mill | 1 | |
| Stronghold | 1 | |
| Fortress | 1 | |
| Tauren Totem | 2 | |
| Watch Tower | 4 | |
| Great Hall | 1 | |
20 total
» build order
00:24 Orc Burrow
00:40 Altar of Storms
01:04 Voodoo Lounge
01:58 Barracks
02:06 Orc Burrow
02:34 War Mill
03:01 Orc Burrow
04:39 Stronghold
07:09 Fortress
09:44 Tauren Totem
09:47 Orc Burrow
09:50 Orc Burrow
11:32 Tauren Totem
11:51 Watch Tower
11:58 Watch Tower
12:03 Watch Tower
12:19 Watch Tower
15:02 Orc Burrow
15:05 Orc Burrow
20:45 Great Hall
» items
| Healing Salve | 5 | |
| Lesser Clarity Potion | 4 | |
| Scroll of Speed | 1 | |
| Dust of Appearance | 2 | |
| Scroll of Town Portal | 4 | |
| Orb of Lightning | 1 | |
| Periapt of Vitality | 2 | |
| Potion of Lesser Invulnerability | 1 | |
20 total
ph(a)zed (
teal | 63 APM | 2549 actions | 40:29)
7 Death Knight
3 Death Coil
2 Unholy Aura
2 Animate Dead
7 Lich
3 Frost Nova
3 Frost Armor
1 Death and Decay
6 Crypt Lord
3 Spiked Carapace
2 Carrion Beetles
1 Locust Swarm
» actions
| Assign group hotkey | 33 | |
| Basic commands | 1 | |
| Build / train | 101 | |
| Enter build submenu | 25 | |
| Enter hero's abilities submenu | 20 | |
| Give item / drop item | 2 | |
| Remove unit from queue | 2 | |
| Right click | 1794 | |
| Select / deselect | 418 | |
| Select group hotkey | 41 | |
| Use ability | 112 | |
2549 total
» units
| Acolyte | 8 | |
| Ghoul | 5 | |
| Crypt Fiend | 3 | |
| Frost Wyrm | 9 | |
| Banshee | 4 | |
| Obsidian Statue | 1 | |
30 total
» upgrades
| Creature Attack | 4 | |
| Web | 1 | |
| Creature Carapace | 2 | |
| Freezing Breath | 1 | |
| Banshee Training | 2 | |
| Necromancer Training | 1 | |
| Skeletal Mastery | 1 | |
| Skeletal Longevity | 1 | |
13 total
» buildings
| Crypt | 1 | |
| Ziggurat | 8 | |
| Altar of Darkness | 1 | |
| Graveyard | 1 | |
| Tomb of Relics | 1 | |
| Halls of the Dead | 2 | |
| Necropolis | 1 | |
| Black Citadel | 2 | |
| Sacrificial Pit | 1 | |
| Boneyard | 3 | |
| Temple of the Damned | 2 | |
| Slaughterhouse | 1 | |
24 total
» build order
00:14 Crypt
00:28 Ziggurat
00:35 Altar of Darkness
00:55 Graveyard
01:16 Ziggurat
01:21 Tomb of Relics
02:50 Halls of the Dead
02:50 Halls of the Dead
04:11 Ziggurat
04:57 Necropolis
05:28 Black Citadel
06:32 Sacrificial Pit
07:04 Ziggurat
07:05 Ziggurat
07:07 Ziggurat
10:05 Boneyard
10:06 Boneyard
10:13 Boneyard
12:11 Ziggurat
12:12 Ziggurat
21:13 Temple of the Damned
21:16 Temple of the Damned
21:21 Slaughterhouse
» items
| Rod of Necromancy | 2 | |
| Orb of Corruption | 3 | |
| Scroll of Town Portal | 6 | |
| Scroll of Protection | 1 | |
| Scroll of Healing | 1 | |
13 total

»
BalinLeholt (
orange | 38 APM | 1391 actions | 36:09)
6 Pandaren Brewmaster
3 Drunken Brawler
3 Breath of Fire
4 Keeper of the Grove
2 Entangling Roots
2 Thorns Aura
» actions
| Basic commands | 21 | |
| Build / train | 86 | |
| Enter build submenu | 20 | |
| Enter hero's abilities submenu | 10 | |
| Right click | 779 | |
| Select / deselect | 403 | |
| Use ability | 72 | |
1391 total
» units
| Wisp | 19 | |
| Archer | 5 | |
| Hippogryph | 17 | |
| Chimaera | 12 | |
53 total
» upgrades
| Strength of the Wild | 3 | |
| Reinforced Hides | 3 | |
| Corrosive Breath | 1 | |
7 total
» buildings
| Altar of Elders | 1 | |
| Moon Well | 8 | |
| Hunter's Hall | 1 | |
| Ancient of War | 1 | |
| Ancient of Wonders | 1 | |
| Tree of Ages | 1 | |
| Tree of Life | 2 | |
| Ancient of Wind | 2 | |
| Tree of Eternity | 1 | |
| Chimaera Roost | 3 | |
21 total
» build order
00:10 Altar of Elders
00:23 Moon Well
01:28 Hunter's Hall
01:51 Ancient of War
02:05 Moon Well
02:19 Ancient of Wonders
03:04 Moon Well
03:48 Tree of Ages
04:06 Moon Well
05:52 Tree of Life
06:12 Ancient of Wind
06:38 Moon Well
07:11 Tree of Eternity
07:50 Moon Well
10:02 Ancient of Wind
10:05 Chimaera Roost
10:09 Chimaera Roost
10:14 Chimaera Roost
30:19 Tree of Life
34:16 Moon Well
34:25 Moon Well
» items
| Scroll of Town Portal | 4 | |
| Orb of Venom | 1 | |
| Potion of Healing | 1 | |
| Scroll of Healing | 2 | |
| Potion of Lesser Invulnerability | 1 | |
| Healing Salve | 1 | |
10 total

»
blink182 (
green | 37 APM | 956 actions | 26:03)
5 Death Knight
3 Unholy Aura
2 Death Coil
» actions
| Build / train | 44 | |
| Enter build submenu | 14 | |
| Enter hero's abilities submenu | 5 | |
| Right click | 662 | |
| Select / deselect | 206 | |
| Use ability | 25 | |
956 total
» units
| Acolyte | 2 | |
| Ghoul | 7 | |
| Crypt Fiend | 17 | |
| Frost Wyrm | 6 | |
32 total
» upgrades
» buildings
| Altar of Darkness | 1 | |
| Crypt | 2 | |
| Ziggurat | 9 | |
| Graveyard | 1 | |
| Halls of the Dead | 1 | |
| Black Citadel | 1 | |
| Tomb of Relics | 1 | |
| Sacrificial Pit | 1 | |
| Spirit Tower | 1 | |
| Nerubian Tower | 1 | |
| Boneyard | 2 | |
21 total
» build order
00:10 Altar of Darkness
00:13 Crypt
00:18 Ziggurat
01:19 Graveyard
03:05 Ziggurat
03:19 Ziggurat
04:10 Halls of the Dead
04:50 Ziggurat
04:55 Ziggurat
07:13 Crypt
07:28 Ziggurat
07:32 Black Citadel
07:39 Tomb of Relics
07:56 Sacrificial Pit
08:35 Spirit Tower
08:50 Nerubian Tower
10:24 Boneyard
10:30 Boneyard
12:13 Ziggurat
18:21 Ziggurat
18:23 Ziggurat
team 2 (winner)

»
fkbnet (
red | 60 APM | 2427 actions | 40:30)
6 Far Seer
3 Chain Lighting
3 Feral Spirit
5 Shadow Hunter
3 Healing Wave
2 Hex
» actions
| Assign group hotkey | 90 | |
| Basic commands | 48 | |
| Build / train | 130 | |
| Enter build submenu | 27 | |
| Enter hero's abilities submenu | 13 | |
| Right click | 1170 | |
| Select / deselect | 551 | |
| Select group hotkey | 232 | |
| Use ability | 166 | |
2427 total
» units
| Peon | 24 | |
| Grunt | 14 | |
| Shaman | 10 | |
| Tauren | 7 | |
| Troll Batrider | 20 | |
75 total
» upgrades
| Berserker Strength | 1 | |
| Shaman Training | 2 | |
| Pulverize | 1 | |
| Reinforced Defenses | 1 | |
| Armor | 1 | |
| Liquid Fire | 1 | |
7 total
» buildings
| Barracks | 1 | |
| Orc Burrow | 7 | |
| Altar of Storms | 2 | |
| Voodoo Lounge | 3 | |
| Stronghold | 3 | |
| Great Hall | 2 | |
| Spirit Lodge | 1 | |
| Fortress | 1 | |
| War Mill | 1 | |
| Tauren Totem | 3 | |
| Beastiary | 2 | |
| Watch Tower | 2 | |
28 total
» build order
00:23 Barracks
00:49 Orc Burrow
01:07 Altar of Storms
01:21 Orc Burrow
02:00 Voodoo Lounge
02:19 Voodoo Lounge
02:27 Orc Burrow
02:44 Orc Burrow
03:47 Stronghold
03:47 Stronghold
05:07 Great Hall
05:50 Orc Burrow
05:52 Orc Burrow
07:10 Spirit Lodge
09:00 Fortress
10:04 War Mill
11:48 Tauren Totem
11:50 Tauren Totem
12:03 Tauren Totem
13:13 Orc Burrow
14:33 Beastiary
18:51 Beastiary
21:38 Altar of Storms
29:25 Watch Tower
30:27 Watch Tower
37:16 Voodoo Lounge
38:45 Great Hall
» items
| Healing Salve | 3 | |
| Lesser Clarity Potion | 12 | |
| Scroll of Town Portal | 5 | |
| Periapt of Vitality | 1 | |
| Potion of Mana | 1 | |
| Potion of Healing | 1 | |
| Staff of Teleportation | 3 | |
26 total

»
GuilhermeMM (
pink | 40 APM | 1640 actions | 40:30)
10 Warden
3 Fan of Knives
3 Shadow Strike
1 Spirit of Vengeance
3 Blink
8 Priestess of the Moon
3 Trueshot Aura
3 Searing Arrows
1 Starfall
1 Scout
» actions
| Build / train | 156 | |
| Enter build submenu | 16 | |
| Enter hero's abilities submenu | 18 | |
| Give item / drop item | 3 | |
| Remove unit from queue | 3 | |
| Right click | 654 | |
| Select / deselect | 630 | |
| Use ability | 160 | |
1640 total
» units
| Wisp | 18 | |
| Archer | 40 | |
| Hippogryph | 22 | |
| Glaive Thrower | 3 | |
| Green Drake | 2 | |
| Goblin Shredder | 1 | |
| Green Dragon | 2 | |
| Druid of the Talon | 9 | |
97 total
» upgrades
| Strength of the Moon | 3 | |
| Moon Armor | 3 | |
| Improved Bows | 1 | |
| Ultravision | 1 | |
| Hippogryph Taming | 1 | |
| Druid of the Talon Training | 2 | |
| Vorpal Blades | 1 | |
| Marksmanship | 1 | |
| Strength of the Wild | 2 | |
| Reinforced Hides | 2 | |
| Nature's Blessing | 1 | |
| Well Spring | 1 | |
19 total
» buildings
| Moon Well | 6 | |
| Altar of Elders | 1 | |
| Ancient of War | 1 | |
| Ancient of Wonders | 1 | |
| Tree of Ages | 1 | |
| Tree of Life | 2 | |
| Hunter's Hall | 1 | |
| Ancient of Wind | 2 | |
| Tree of Eternity | 1 | |
| Ancient Protector | 2 | |
18 total
» build order
00:10 Moon Well
00:11 Altar of Elders
00:36 Ancient of War
01:24 Moon Well
01:58 Ancient of Wonders
02:59 Moon Well
03:56 Tree of Ages
04:48 Tree of Life
04:54 Hunter's Hall
05:15 Moon Well
07:27 Ancient of Wind
09:58 Tree of Eternity
10:30 Moon Well
10:31 Moon Well
11:45 Ancient Protector
11:47 Ancient Protector
18:52 Ancient of Wind
33:17 Tree of Life
» items
| Scroll of Town Portal | 7 | |
| Potion of Healing | 7 | |
| Potion of Mana | 1 | |
15 total

»
Zorro (
blue | 37 APM | 1492 actions | 40:30)
6 Archmage
2 Summon Water Elemental
3 Blizzard
1 Mass Teleport
» actions
| Assign group hotkey | 31 | |
| Build / train | 98 | |
| Enter build submenu | 43 | |
| Enter hero's abilities submenu | 6 | |
| Right click | 556 | |
| Select / deselect | 365 | |
| Select group hotkey | 300 | |
| Use ability | 93 | |
1492 total
» units
| Peasant | 28 | |
| Footman | 3 | |
| Rifleman | 13 | |
| Gryphon Rider | 5 | |
| Dragonhawk Rider | 1 | |
| Siege Engine | 8 | |
| Knight | 1 | |
59 total
» upgrades
| Lumber Harvesting | 2 | |
| Storm Hammers | 1 | |
| Swords | 2 | |
| Barrage | 1 | |
| Gunpowder | 3 | |
| Animal War Training | 1 | |
| Armor | 2 | |
12 total
» buildings
| Altar of Kings | 2 | |
| Farm | 12 | |
| Barracks | 2 | |
| Lumber Mill | 1 | |
| Blacksmith | 2 | |
| Arcane Vault | 2 | |
| Scout Tower | 9 | |
| Guard Tower | 7 | |
| Keep | 2 | |
| Town Hall | 5 | |
| Castle | 2 | |
| Gryphon Aviary | 3 | |
| Workshop | 3 | |
52 total
» build order
00:05 Altar of Kings
00:09 Farm
00:14 Barracks
00:55 Farm
01:15 Lumber Mill
02:08 Farm
02:37 Blacksmith
02:58 Arcane Vault
03:13 Farm
03:19 Scout Tower
03:49 Guard Tower
03:52 Scout Tower
04:10 Farm
04:25 Scout Tower
04:29 Guard Tower
05:10 Guard Tower
05:13 Farm
05:32 Keep
06:21 Farm
07:02 Farm
07:51 Town Hall
08:48 Castle
09:53 Town Hall
10:17 Gryphon Aviary
10:21 Gryphon Aviary
10:26 Gryphon Aviary
10:34 Scout Tower
10:39 Scout Tower
11:05 Scout Tower
11:08 Guard Tower
11:11 Scout Tower
11:37 Guard Tower
11:40 Guard Tower
13:10 Scout Tower
13:42 Scout Tower
14:36 Guard Tower
16:17 Farm
18:06 Keep
18:15 Altar of Kings
18:33 Barracks
19:21 Town Hall
19:53 Arcane Vault
20:46 Castle
22:05 Workshop
22:11 Workshop
22:18 Workshop
25:58 Town Hall
27:02 Farm
28:08 Farm
28:43 Blacksmith
29:10 Town Hall
30:09 Farm
» items
| Dust of Appearance | 2 | |
| Potion of Healing | 2 | |
| Potion of Mana | 2 | |
| Orb of Fire | 1 | |
| Scroll of Town Portal | 2 | |
9 total

»
Shadow303 (
purple | 77 APM | 3111 actions | 40:30)
7 Keeper of the Grove
3 Entangling Roots
3 Thorns Aura
1 Tranquility
6 Priestess of the Moon
3 Trueshot Aura
2 Searing Arrows
1 Starfall
» actions
| Assign group hotkey | 5 | |
| Basic commands | 118 | |
| Build / train | 104 | |
| ESC pressed | 11 | |
| Enter build submenu | 28 | |
| Enter hero's abilities submenu | 13 | |
| Give item / drop item | 5 | |
| Right click | 2104 | |
| Select / deselect | 547 | |
| Select group hotkey | 22 | |
| Use ability | 154 | |
3111 total
» units
| Wisp | 41 | |
| Archer | 23 | |
| Furbolg Shaman | 1 | |
65 total
» upgrades
| Strength of the Moon | 3 | |
| Ultravision | 1 | |
| Improved Bows | 1 | |
| Moon Armor | 3 | |
| Nature's Blessing | 1 | |
| Marksmanship | 1 | |
| Well Spring | 1 | |
11 total
» buildings
| Altar of Elders | 3 | |
| Ancient of War | 8 | |
| Moon Well | 8 | |
| Hunter's Hall | 1 | |
| Ancient of Wonders | 1 | |
| Tree of Ages | 1 | |
| Tree of Life | 7 | |
| Tree of Eternity | 1 | |
30 total
» build order
00:13 Altar of Elders
00:16 Ancient of War
00:21 Moon Well
01:46 Moon Well
02:18 Moon Well
03:13 Hunter's Hall
03:38 Ancient of War
03:42 Ancient of Wonders
04:28 Tree of Ages
09:18 Tree of Life
09:38 Ancient of War
09:49 Moon Well
10:49 Tree of Life
11:44 Tree of Eternity
15:03 Moon Well
16:15 Tree of Life
21:30 Ancient of War
21:33 Ancient of War
21:36 Ancient of War
21:37 Ancient of War
21:38 Ancient of War
21:44 Tree of Life
25:48 Tree of Life
30:28 Tree of Life
30:55 Tree of Life
34:24 Altar of Elders
34:26 Moon Well
34:28 Moon Well
35:04 Moon Well
35:10 Altar of Elders
» items
| Scroll of Town Portal | 6 | |
| Anti-magic Potion | 4 | |
10 total
Chat log
(00:18 / All) GuilhermeMM: girls r week
(00:21 / All) GuilhermeMM: weak
(00:30 / All) fkbnet: easy to rape
(00:32 / All) fkbnet: yeah
(00:58 / Allies) Shadow303: mass archers for me
(01:16 / Allies) Shadow303: kotg/potm/naga
(01:37 / Allies) GuilhermeMM: arch hipps
(01:51 / Allies) fkbnet: melee i guess
(02:00 / Allies) Shadow303: good
(02:03 / Allies) Shadow303: need them melee
(02:06 / Allies) Shadow303: for my archers
(04:56 / Allies) Shadow303: want the mine
(04:58 / Allies) Shadow303: or me?
(05:00 / Allies) fkbnet: yeh
(05:06 / Allies) Shadow303: fine you then
(05:37 / Allies) Zorro: ty
(05:41 / Allies) fkbnet: bm here
(07:01 / Allies) GuilhermeMM: expand blue
(08:10 / Allies) fkbnet: b
(08:11 / Allies) fkbnet: b
(08:11 / Allies) fkbnet: b
(08:12 / Allies) fkbnet: b
(08:13 / Allies) GuilhermeMM: b
(08:24 / Allies) fkbnet: Jesus back noob
(08:25 / Allies) GuilhermeMM: BACK NOOB
(08:36 / All) GuilhermeMM: whata noob
(08:40 / Allies) fkbnet: wow
(10:57 / Allies) Zorro: burrow
(11:25 / Allies) fkbnet: b
(11:29 / Allies) Zorro: nice guys
(11:32 / Allies) fkbnet: b
(11:32 / Allies) fkbnet: b
(11:33 / Allies) fkbnet: b
(11:33 / Allies) fkbnet: b
(11:33 / Allies) fkbnet: b
(11:33 / Allies) fkbnet: b
(11:34 / Allies) fkbnet: b
(11:34 / Allies) fkbnet: b
(11:34 / Allies) fkbnet: b
(11:35 / Allies) fkbnet: b
(11:35 / Allies) fkbnet: b
(13:09 / Allies) Shadow303: ty
(13:17 / Allies) Shadow303: hit top
(13:24 / Allies) Shadow303: give us gold
(13:25 / Allies) Shadow303: NOW
(13:28 / Allies) Shadow303: red
(13:34 / Allies) Shadow303: over 1300 gold
(13:36 / Allies) Shadow303: ty
(13:45 / Allies) Shadow303: runnn
(14:22 / Allies) fkbnet: we need aa
(14:39 / Allies) GuilhermeMM: hipps
(14:46 / Allies) fkbnet: mass aa
(14:53 / Allies) Shadow303: no
(14:56 / Allies) Shadow303: they got mass fiends
(15:04 / Allies) fkbnet: ground to air aa
(15:25 / Allies) fkbnet: go
(15:59 / Allies) fkbnet: go
(16:32 / Allies) fkbnet: wait purple
(16:33 / Allies) fkbnet: wait
(16:33 / Allies) fkbnet: wait
(16:34 / Allies) fkbnet: wai
(17:29 / Allies) Shadow303: dont tp
(17:45 / Allies) Shadow303: OUT
(17:46 / Allies) Shadow303: NOW
(17:51 / Allies) Shadow303: OUT
(18:05 / Allies) fkbnet: i told u get aaa
(18:09 / Allies) Shadow303: I did
(18:12 / Allies) GuilhermeMM: im getting hipps
(18:19 / Allies) GuilhermeMM: but cant defeat all this air
(18:35 / Allies) fkbnet: b
(18:36 / Allies) fkbnet: b
(19:20 / Allies) GuilhermeMM: prepare
(19:22 / Allies) GuilhermeMM: to tp
(19:30 / Allies) GuilhermeMM: mass aa
(19:49 / Allies) GuilhermeMM: GO ALL
(21:12 / Allies) Zorro: lumber
(21:23 / Allies) Zorro: ty
(21:36 / Allies) Zorro: i go tank or gryph??
(21:44 / Allies) fkbnet: tank i guess
(22:26 / Allies) Shadow303: gold me pleas
(23:13 / Allies) Shadow303: got another tp
(23:49 / Allies) Zorro: purp u need lvl 6
(24:02 / Allies) Shadow303: got it
(24:10 / Allies) Zorro: starfall
(24:57 / Allies) Shadow303: gold me
(24:58 / All) Shadow303: NOW
(26:08 / All) GuilhermeMM: GG
(26:08 / All) Shadow303: eat that
(26:11 / All) Shadow303: you big talker
(26:15 / All) Shadow303: you lose
(26:20 / All) ph(a)zed: shadow
(26:22 / All) ph(a)zed: u blow kid
(26:24 / All) ph(a)zed: Stfu
(26:26 / All) Shadow303: hah
(26:29 / All) Shadow303: you blow yourself
(26:37 / All) Shadow303: mass wyrms against mass archers>?
(26:56 / Allies) fkbnet: careful
(26:59 / Allies) fkbnet: stay together
(27:15 / Allies) Shadow303: im not even there yet
(27:15 / Allies) Shadow303: guys
(28:00 / All) ph(a)zed: hah
(28:06 / Allies) Shadow303: you idiots
(28:12 / Allies) Shadow303: didn't waited for me
(28:54 / Allies) Shadow303: that's it
(28:55 / Allies) Shadow303: fopr me
(28:58 / Allies) Shadow303: no gold
(29:00 / Allies) fkbnet: wait purp
(29:01 / Allies) Shadow303: and no heroes
(29:06 / Allies) fkbnet: get hero back
(29:26 / All) Shadow303: we may lose
(29:28 / All) Shadow303: now...
(29:36 / All) Shadow303: and all cause they rushed without me
(29:54 / Allies) Shadow303: they killing my altar
(29:54 / All) Shadow303: gg
(29:57 / All) Shadow303: lost biug time
(30:04 / Allies) fkbnet: give gold back
(30:45 / Allies) Shadow303: give red some gold
(30:47 / Allies) Shadow303: for hall
(31:05 / All) GuilhermeMM: noobs
(31:06 / All) rdpffa: gg
(31:07 / Allies) Shadow303: it's pretty much over
(31:07 / Allies) Shadow303: guys
(31:12 / Allies) fkbnet: its not
(31:12 / Allies) Shadow303: and all because you guys left me
(31:14 / Allies) fkbnet: calm down
(31:14 / Allies) Shadow303: it is
(31:19 / Allies) fkbnet: k leave then
(31:23 / Allies) GuilhermeMM: i killed 2 of them
(31:25 / Allies) GuilhermeMM: hit now
(31:26 / Allies) Shadow303: you guys were too inpatient
(31:29 / Allies) Shadow303: to wait for me
(31:47 / Allies) GuilhermeMM: go
(32:13 / Allies) GuilhermeMM: purp
(32:23 / Allies) Shadow303: yes
(32:25 / Allies) Shadow303: archers
(32:29 / Allies) Shadow303: they come with you guys
(32:48 / Allies) Shadow303: use the tanks
(32:54 / Allies) Shadow303: don't save me
(33:03 / Allies) Shadow303: shamans
(33:25 / Allies) GuilhermeMM: tp?
(33:28 / Allies) Shadow303: no
(34:04 / All) BalinLeholt: gg u massive fuck
(34:08 / All) Shadow303: gg
(34:11 / All) Shadow303: we lost
(34:15 / Allies) Shadow303: hah
(34:18 / Allies) Shadow303: we'll see...
(34:21 / Allies) GuilhermeMM: go tanks
(34:29 / All) BalinLeholt: gg teal woin for ytou
(34:39 / All) BalinLeholt: that solo fuck blows ass
(35:08 / Allies) GuilhermeMM: lvl 10 lol
(35:47 / Allies) Zorro: lumber
(36:02 / All) BalinLeholt: gg tela is worthelss
(36:03 / Allies) Zorro: ty
(36:05 / All) BalinLeholt: kil that fuck
(36:10 / All) ph(a)zed: llol
(36:12 / All) Shadow303: teal...
(36:19 / All) Shadow303: how do you like the trash talk to you?
(36:26 / All) Shadow303: feels bad doesn't it?
(36:26 / All) ph(a)zed: lvoe it
(36:40 / All) Shadow303: that's why I don't want to trash talk either
(37:39 / Allies) Shadow303: you go
(37:43 / Allies) Shadow303: pink
(37:44 / Allies) Shadow303: nice
(37:59 / Allies) GuilhermeMM: lol guys
(38:39 / All) Zorro: die bitch
(38:49 / All) fkbnet: u still lose
(38:54 / All) ph(a)zed: pussies
(39:13 / Allies) Shadow303: got stfall
(39:21 / All) ph(a)zed: none of u have shit
(39:36 / All) GuilhermeMM: just 2 gold mines
(39:39 / All) GuilhermeMM: and u?
(40:02 / All) Shadow303: my base
(40:06 / All) Shadow303: is still intact